AoeStats
← 公鸡神探

Arena

507280362Analyzed
4v4 RM · 15d ago on Sep 17, 2026· 26m 15s· 8 players
Game mode
Random Map
Map size
Large (8 player)
Population
200
Speed
Normal
Resources
Standard
Victory
Conquest
Starting age
Dark Age
Ending age
Imperial Age
RankedLock teamsTeams togetherTeam positionsShared explorationLock speedFull tech treeHidden civsTurbo modeCheats
Victory
Defeat
🇫🇷 Mapuche · France
1221
+16
🇨🇳 Ethiopians · China
1191
+17
🇨🇳 Burmese · China
1176
+18
1088
+22
🇹🇼 Persians · Taiwan
1264
-19
🇨🇳 Hindustanis · China
1234
-19
🇻🇳 Vikings · Vietnam
1203
-18
🇨🇳 Wei · China
1177
-17
nguyenhoanglan060
10:54 Feudal Age
12:04 Loom
15:44 Castle Age
13:34 Man-at-Arms
15:04 Double-Bit Axe
15:01 Horse Collar
16:51 Long Swordsman
20:14 Scale Mail Armor
21:46 Pikeman
22:27 Squires
25:22 Heavy Plow
Doomsday
10:26 Feudal Age
13:16 Double-Bit Axe
15:50 Castle Age
13:52 Horse Collar
16:21 Wheelbarrow
18:19 Bow Saw
24:48 Hand Cart
TastyChips
10:09 Feudal Age
13:58 Castle Age
11:52 Double-Bit Axe
12:07 Horse Collar
15:30 Bow Saw
17:28 Loom
19:39 Town Watch
21:55 Wheelbarrow
23:20 Heavy Plow
23:54 Gold Mining
25:06 Hand Cart
MyGO.Soyo
12:17 Feudal Age
13:43 Wheelbarrow
16:40 Castle Age
14:54 Double-Bit Axe
15:05 Horse Collar
15:54 Gold Mining
16:17 Stone Mining
17:38 Bow Saw
17:56 Loom
18:40 Heavy Plow
18:55 Fervor
jawsy_
8:02 Loom
11:07 Feudal Age
13:22 Double-Bit Axe
13:21 Horse Collar
15:51 Castle Age
14:35 Stone Mining
15:01 Gold Mining
17:19 Bow Saw
17:51 Heavy Plow
24:10 Wheelbarrow
无甲的joe
9:44 Feudal Age
13:48 Castle Age
11:52 Double-Bit Axe
12:18 Horse Collar
15:27 Loom
18:25 Scale Mail Armor
18:36 Forging
23:02 Iron Casting
24:53 Chain Mail Armor
公鸡神探
9:51 Feudal Age
10:17 Horse Collar
14:23 Town Watch
16:56 Castle Age
15:23 Gold Mining
19:40 Gold Shaft Mining
翻斗花园突破手绫小路
11:52 Feudal Age
14:34 Double-Bit Axe
16:55 Castle Age
14:59 Horse Collar
15:53 Loom
16:07 Stone Mining
16:09 Gold Mining
20:39 Wheelbarrow
20:47 Forging
20:43 Scale Barding Armor
22:40 Chain Barding Armor
22:55 Iron Casting
25:46 Stone Shaft Mining
Connection lost

Rejoining the realm…

Still unreachable

The connection could not be restored.

Session expired

The server has moved on; the page needs a fresh start.